 Dungeon Crawl Stone Soup version 0.28-a0-1234-g826d19b2e0 (webtiles) character file.

Game seed: 16744998613753606897

115896 frimble the Demonic Aeon (level 16, -26/130 HPs)
             Began as a Demonspawn Warper on Dec 24, 2021.
             Was the Champion of Cheibriados.
             Killed from afar by a deep elf zephyrmancer (29 damage)
             ... with a bolt of lightning
             ... on level 1 of the Elven Halls.
             The game lasted 00:48:28 (38461 turns).

frimble the Demonic Aeon (Demonspawn Warper)       Turns: 38461, Time: 00:48:28

Health: -26/130    AC:  8    Str: 27    XL:     16   Next: 19%
Magic:  0/28       EV: 22    Int: 41    God:    Cheibriados [******]
Gold:   2567       SH: 11    Dex: 29    Spells: 14/19 levels left

rFire   . . .      SeeInvis +   a - +4 scimitar (freeze)
rCold   . . .      Faith    .   z - +2 buckler
rNeg    . . .      Spirit   +   H - +3 troll leather armour
rPois   .          Reflect  .   E - +0 mask of the Dragon {Will+ Slay+3 SInv}
rElec   .          Harm     .   g - +0 cloak
rCorr   +          Rampage  .   (gloves unavailable)
Will    +++..                   (no boots)
Stlth   ++........              A - amulet "Ipawuu" {RegenMP Int+3}
HPRegen 1.11/turn               p - +4 ring of evasion
MPRegen 0.82/turn               r - ring of resist corrosion

@: mighty, very slow
A: powered by pain 1, torment resistance 1, magic shield, magic regeneration,
magic link, big brain 1, demonic willpower, demonic touch 3, mutation resistance
1, wild magic 1
a: Renounce Religion, Bend Time, Temporal Distortion, Slouch, Step From Time


You were on level 1 of the Elven Halls.
You worshipped Cheibriados.
Cheibriados was exalted by your worship.
You visited 5 branches of the dungeon, and saw 25 of its levels.
You also visited: Bailey.

You collected 3523 gold pieces.
You spent 956 gold pieces at shops.

Inventory:

Hand Weapons
 a - a +4 scimitar of freezing (weapon)
 b - a +2 scimitar of flaming
 e - a +2 dagger of electrocution
Missiles
 j - 78 poisoned darts (quivered)
 s - 27 boomerangs
 u - 4 throwing nets
 S - 5 javelins
Armour
 g - a +0 cloak (worn)
 q - a +0 pair of gloves
 w - a +0 kite shield
 z - a +2 buckler (worn)
 E - the +0 mask of the Dragon (worn) {Will+ Slay+3 SInv}
   (You found it on level 6 of the Dungeon)

   Slay:      It affects your accuracy & damage with ranged weapons and melee
   (+3).
   SInv:      It lets you see invisible.
   Will:      It increases your willpower.
 H - a +3 troll leather armour (worn)
Jewellery
 p - a +4 ring of evasion (left hand)
 r - a ring of resist corrosion (right hand)
 A - the amulet "Ipawuu" (around neck) {RegenMP Int+3}
   (You bought it in a shop on level 2 of the Orcish Mines)

   [amulet of magic regeneration]

   It increases your rate of magic regeneration.
   Int:       It affects your intelligence (+3).
 I - an amulet of the acrobat
 L - a ring of wizardry
 M - a ring of protection from cold
 P - a ring of ice
Wands
 v - a wand of polymorph (22)
 y - a wand of flame (28)
 K - a wand of acid (7)
 Q - a wand of charming (6)
Scrolls
 c - 2 scrolls of blinking
 d - 12 scrolls of identify
 m - 3 scrolls of amnesia
 x - 5 scrolls of teleportation
 F - 2 scrolls of fog
 T - a scroll of summoning
 V - a scroll of enchant weapon
Potions
 f - 7 potions of curing
 h - 2 potions of mutation
 i - a potion of cancellation
 k - 5 potions of attraction
 n - 2 potions of brilliance
 o - a potion of resistance
 J - 2 potions of invisibility
 N - a potion of ambrosia
 O - a potion of lignification
 U - 2 potions of might
Miscellaneous
 l - a phantom mirror
 G - a box of beasts


   Skills:
 - Level 13.0 Fighting
 - Level 14.2 Long Blades
 - Level 4.0 Throwing
 - Level 3.0 Armour
 - Level 6.0 Dodging
 - Level 1.2 Stealth
 + Level 10.1 Shields
 - Level 2.4 Spellcasting
 - Level 4.2 Translocations
 - Level 6.3 Transmutations
 - Level 5.0 Fire Magic
 - Level 5.5 Poison Magic
 - Level 16.3 Invocations
 - Level 4.8 Evocations


You had 14 spell levels left.
You knew the following spells:

 Your Spells              Type           Power      Damage    Failure   Level
a - Blink                 Tloc           100%       N/A       2%          2
b - Ignite Poison         Fire/Tmut/Pois 61%        N/A       2%          3

Your spell library contained the following spells:

 Spells                   Type           Power      Damage    Failure   Level
 Wereblood                Tmut           65%        N/A       1%          2
 Foxfire                  Conj/Fire      100%       2x1d9     2%          1
 Gell's Gravitas          Tloc           51%        N/A       4%          3
 Lesser Beckoning         Tloc           51%        N/A       4%          3
 Teleport Other           Tloc           51%        N/A       4%          3
 Freeze                   Ice            24%        1d5       7%          1
 Magic Dart               Conj           24%        1d4       7%          1
 Pain                     Necr           24%        1d5       7%          1
 Conjure Flame            Conj/Fire      33%        6-21      7%          3
 Inner Flame              Hex/Fire       33%        N/A       7%          3
 Mephitic Cloud           Conj/Pois/Air  25%        N/A       9%          3
 Call Imp                 Summ           6%         N/A       10%         2
 Frozen Ramparts          Ice            12%        1d3       17%         3
 Ozocubu's Armour         Ice            6%         N/A       17%         3
 Flame Wave               Conj/Fire      33%        2d7       21%         4
 Sticky Flame             Conj/Fire      33%        2d5       21%         4
 Iskenderun's Mystic Bla  Conj/Tloc      28%        2d7       24%         4
 Manifold Assault         Tloc           51%        N/A       28%         5
 Fulminant Prism          Conj/Hex       3%         3d6       45%         4
 Hailstorm                Conj/Ice       6%         3d4       45%         4
 Summon Ice Beast         Ice/Summ       6%         N/A       45%         4
 Agony                    Necr           6%         N/A       80%         5
 Excruciating Wounds      Necr           3%         N/A       80%         5
 Lee's Rapid Deconstruct  Erth           3%         3d6*      80%         5
 Summon Mana Viper        Hex/Summ       6%         N/A       80%         5
 Monstrous Menagerie      Summ           3%         N/A       100%        7
 Ozocubu's Refrigeration  Ice            3%         4d5       100%        7


Dungeon Overview and Level Annotations

Branches:
Dungeon (15/15)            Temple (1/1) D:5            Lair (6/6) D:9
 Shoals (0/4) Lair:3       Spider (0/4) Lair:4        Slime (0/5) Lair:6
    Orc (2/2) D:12            Elf (1/3) Orc:2        Vaults (0/5) D:13
 Depths (0/4) D:15         Bailey (visited)

Altars:
Ashenzari
Cheibriados
Dithmenos
Elyvilon
Fedhas
Gozag
Hepliaklqana
Kikubaaqudgha
Makhleb
Nemelex Xobeh
Okawaru
Qazlal
Ru
Sif Muna
Trog
Uskayaw
Vehumet
Wu Jian
Xom
Yredelemnul
Zin
The Shining One
Beogh
Jiyva
Lugonu

Shops:
D:5 ?   D:10 [   Orc:2 =[*?

Portals:
Pandemonium: Orc:2

Annotations:
D:10 exclusion: ice statue
Lair:3 exclusion: oklob plant
Lair:4 1 transporter, exclusion: spriggan rider, Ucinyis's ghost, journeyman MfBe
Elf:1 1 runed translucent door


Innate Abilities, Weirdness & Mutations

You sometimes gain a little power by taking damage.
You are resistant to unholy torment.
When hurt, damage is shared between your health and your magic reserves.
You regenerate magic rapidly.
When low on magic, you restore magic in place of health.
You have an unusually large brain. (Int +2)
You punish those that try to bend your will. (Will+)
Your touch may irresistibly damage your foes and sap their willpower.
You are somewhat resistant to further mutation.
Your spells are a little harder to cast, but a little more powerful.


Message History

The deep elf zephyrmancer looks even sicker.
The deep elf zephyrmancer is lightly wounded.
The deep elf knight drinks a potion.
The deep elf knight suddenly seems more resistant.
Throw: 79 darts (poison)
Press: ? - help, Q - select action, (/) - cycle Shift-Dir - straight line, f - deep elf pyromancer, p - deep elf zephyrmancer
Aim: a deep elf pyromancer, wielding a +0 long sword (severely wounded, 68% to hit)
You throw a poisoned dart.
The poisoned dart closely misses the deep elf knight.
The poisoned dart hits the deep elf pyromancer.
The deep elf pyromancer is poisoned.
The deep elf pyromancer is severely wounded.
The deep elf zephyrmancer gestures at you while chanting.
The bolt of lightning hits you!
* * * LOW HITPOINT WARNING * * *
The bolt of lightning hits you!!
* * * LOW HITPOINT WARNING * * *
You focus on the pain.
You feel very mighty all of a sudden.
You feel much better.
A deep elf pyromancer comes into view.
It is wielding a +0 rapier and carrying a wand of paralysis (5).
The deep elf knight gestures at you while chanting.
The lance of force hits you!!!
* * * LOW HITPOINT WARNING * * *
You focus on the pain.
You feel your power returning.
You are knocked back by the lance of force.
You collide with the deep elf zephyrmancer!
The deep elf zephyrmancer is moderately wounded.
* * * LOW HITPOINT WARNING * * *
Magic courses through your body.
The deep elf knight casts a spell at you.
The lance of force hits you!
* * * LOW HITPOINT WARNING * * *
You are knocked back by the lance of force.
You collide with the deep elf zephyrmancer!
The deep elf zephyrmancer is almost dead.
* * * LOW HITPOINT WARNING * * *
The deep elf zephyrmancer gestures at you while chanting.
The bolt of lightning misses you. The bolt of lightning hits you!!
You die...

##### ##...## .
##.....##
...####.).....## .
...'.'.........####..(.
...###....(....')e'e#
#.....(.e@#°.☼.#
##.......##.)#°ee)
##'#.....## #...#e.
##.###...## #### ○
##.## #+### ##.## ##.##
+##.## .#'##


You could see a deep elf knight (resistant), a deep elf pyromancer (poisoned)
and a deep elf zephyrmancer (very poisoned).

Vanquished Creatures
  Agnes (D:15)
  A deep elf sorcerer (Elf:1)
  A deep elf annihilator (Elf:1)
  Snorg (Orc:2)
  A fire dragon (Lair:6)
  11 hydras
  3 boulder beetles
  Harold (D:8)
  An ogre mage (D:14)
  7 two-headed ogres
  A vault guard (D:13)
  3 centaur warriors
  2 demonspawn (Orc:2)
  A death knight (D:13)
  4 tengu warriors
  6 dancing weapons (Elf:1)
  9 orc high priests
  4 death yaks
  Urug (Lair:3)
  A deep elf knight (Elf:1)
  Nergalle (D:10)
  A fire crab (Lair:6)
  A sixfirhy (Orc:2)
  A swamp dragon (shapeshifter) (D:15)
  2 deep elf archers (Elf:1)
  Pikel (D:4)
  An orb spider (D:12)
  4 deep elf zephyrmancers (Elf:1)
  7 orc sorcerers
  10 deep elf pyromancers
  6 orc knights
  9 ugly things
  8 cyclopes
  2 manticores
  9 elephants (Lair:4)
  4 black mambas
  2 molten gargoyles (Lair:6)
  3 torpor snails
  12 cane toads
  An unseen horror (D:13)
  5 gargoyles
  Psyche (D:11)
  4 yaktaurs (D:15)
  5 rime drakes
  2 tengu conjurers
  3 efreet
  16 komodo dragons
  9 trolls
  3 polar bears
  A hornet (D:7)
  A wolf spider simulacrum (D:11)
  The ghost of bearlyready the Shield-Bearer, an amateur DsFi (D:6)
  32 blink frogs
  2 meliai zombies
  21 slime creatures
  Sigmund (D:5)
  A shadow (D:12)
  A spriggan (Lair:4)
  2 ynoxinuls (Orc:2)
  2 vampires
  4 basilisks
  3 wyverns
  A yak (shapeshifter) (Elf:1)
  35 yaks
  3 wraiths
  Menkaure (D:4)
  15 vampire mosquitoes
  A steam dragon (Lair:6)
  4 wargs
  16 water moccasins
  5 hell hounds (Lair:6)
  Edmund (D:4)
  An acid dragon (D:10)
  A black bear (D:8)
  37 orc warriors
  3 sky beasts
  8 ogres
  3 boggarts (D:15)
  A necrophage (D:6)
  22 wolves
  7 centaurs
  2 lemures (D:4)
  15 bullfrogs
  3 kobold brigands
  Blork the orc (D:4)
  4 scorpions
  A wyvern zombie (D:6)
  3 gnoll sergeants
  6 killer bees
  10 wights
  4 howler monkeys
  5 electric eels
  3 centaur zombies
  5 lava snakes (Lair:6)
  A bullfrog zombie (D:5)
  3 bullfrog skeletons
  4 hounds
  24 orc priests
  2 jellies
  3 iguanas
  Ijyb (D:4)
  6 hell rats (Lair:1)
  15 orc wizards
  A killer bee zombie (D:5)
  A hound skeleton (D:3)
  A howler monkey zombie (D:10)
  Robin (D:3)
  15 gnolls
  8 adders
  A howler monkey skeleton (D:4)
  3 white imps
  An ufetubus (D:7)
  An adder skeleton (D:4)
  7 dart slugs
  82 orcs
  7 ball pythons
  8 endoplasms
  6 giant cockroaches
  19 goblins
  10 hobgoblins
  7 bats
  5 frilled lizards
  20 kobolds
  4 rats
759 creatures vanquished.

Vanquished Creatures (collateral kills)
  An ice devil (Orc:2)
  An orc warrior (Orc:2)
  A centaur (D:12)
  An orc priest (Orc:2)
  7 orcs
11 creatures vanquished.

Vanquished Creatures (others)
  An orc wizard (D:12)
  15 fungi
  73 plants
89 creatures vanquished.

Grand Total: 859 creatures vanquished

Notes
Turn   | Place    | Note
-------+----------+-------------------------------------------
     0 | D:1      | frimble the Demonspawn Warper began the quest for the Orb.
     0 | D:1      | Reached XP level 1. HP: 16/16 MP: 3/3
   142 | D:1      | Reached skill level 1 in Armour
   220 | D:1      | Reached skill level 1 in Throwing
   244 | D:1      | Gained mutation: Your touch may inflict minor irresistible
                  | damage on your foes. [demonic ancestry]
   244 | D:1      | Reached XP level 2. HP: 12/22 MP: 5/5
   971 | D:1      | Reached XP level 3. HP: 22/27 MP: 6/6
   974 | D:1      | Learned a level 2 spell: Blink
  1244 | D:1      | Found a faded altar of an unknown god.
  1578 | D:2      | Gained mutation: You regenerate magic rapidly. [demonic
                  | ancestry]
  1578 | D:2      | Reached XP level 4. HP: 32/34 MP: 7/7
  3132 | D:3      | You fall into a shaft and drop 3 floors!
  3148 | D:6      | Gained mutation: Your spells are a little harder to cast,
                  | but a little more powerful. [potion of mutation]
  3148 | D:6      | Gained mutation: You are somewhat resistant to further
                  | mutation. [potion of mutation]
  3161 | D:6      | Gained mutation: You have an unusually large brain. (Int
                  | +2) [demonic ancestry]
  3161 | D:6      | Reached XP level 5. HP: 23/39 MP: 8/8
  3728 | D:5      | Entered Level 5 of the Dungeon
  3728 | D:5      | Found Woted's Magic Scroll Shop.
  3731 | D:5      | Reached XP level 6. HP: 24/46 MP: 9/9
  3991 | D:4      | Found a hazy altar of Hepliaklqana.
  3995 | D:4      | Noticed Blork the orc
  4109 | D:5      | HP: 2/46 [orc priest/nerve-wracking pain (13)]
  4113 | D:5      | Noticed Menkaure
  4641 | D:3      | Noticed Robin
  5115 | D:4      | Noticed Ijyb
  5138 | D:4      | Killed Ijyb
  5420 | D:4      | Reached skill level 1 in Evocations
  5938 | D:4      | Killed Blork the orc
  5939 | D:4      | Gained mutation: When hurt, damage is shared between your
                  | health and your magic reserves. [demonic ancestry]
  5939 | D:4      | Reached XP level 7. HP: 47/51 MP: 10/10
  6246 | D:3      | Killed Robin
  7171 | D:4      | Noticed Pikel
  7199 | D:4      | Killed Pikel
  7200 | D:4      | Gained mutation: Your touch may inflict irresistible damage
                  | on your foes. [demonic ancestry]
  7200 | D:4      | Reached XP level 8. HP: 25/57 MP: 6/11
  7485 | D:4      | Noticed Edmund
  7509 | D:4      | Killed Edmund
  7584 | D:4      | Killed Menkaure
  7766 | D:5      | Noticed Sigmund
  7786 | D:5      | Killed Sigmund
  8461 | D:5      | Identified the +1 leather armour of Ru {rF+}
  8738 | D:5      | Found a staircase to the Ecumenical Temple.
  8797 | Temple   | Entered the Ecumenical Temple
  9067 | Temple   | Became a worshipper of Cheibriados the Contemplative
  9458 | D:6      | Gained mutation: When low on magic, you restore magic in
                  | place of health. [demonic ancestry]
  9458 | D:6      | Reached XP level 9. HP: 50/65 MP: 12/12
  9543 | D:6      | Noticed a troll
  9561 | D:6      | Killed a troll
  9928 | D:5      | Bought a scroll of teleportation for 39 gold pieces
  9928 | D:5      | Bought a scroll of summoning for 123 gold pieces
  9928 | D:5      | Bought a scroll of immolation for 45 gold pieces
 10139 | D:6      | Reached * piety under Cheibriados
 10730 | D:6      | Found the +0 mask of the Dragon {Will+ Slay+3 SInv}
 10731 | D:6      | Found a transporter.
 10734 | D:6      | Noticed a red ugly thing
 10735 | D:6      | Noticed bearlyready's ghost (amateur DsFi)
 10893 | D:6      | Found a transporter.
 11217 | D:6      | Reached skill level 5 in Fighting
 11609 | D:7      | Noticed a gargoyle
 11916 | D:7      | Paralysed by a hornet for 1 turns
 11924 | D:7      | Reached ** piety under Cheibriados
 12234 | D:8      | Reached skill level 10 in Long Blades
 12340 | D:8      | Reached XP level 10. HP: 24/77 MP: 6/13
 12686 | D:8      | Reached skill level 1 in Shields
 13000 | D:8      | Identified the +6 falchion "Baelimopn" {pain, rF+ rC- Str-3
                  | Int+8}
 13338 | D:8      | Noticed Harold
 13358 | D:8      | Killed Harold
 13381 | D:8      | Reached *** piety under Cheibriados
 13646 | D:8      | Found a transporter.
 13647 | D:8      | Found a transporter.
 13648 | D:8      | Noticed a boulder beetle
 14596 | D:7      | Noticed a two-headed ogre
 14612 | D:7      | Killed a two-headed ogre
 14889 | D:7      | Killed a gargoyle
 15817 | D:9      | Reached skill level 1 in Invocations
 15981 | D:9      | Found a staircase to the Lair.
 16164 | D:9      | Reached skill level 2 in Invocations
 16826 | D:10     | Entered Level 10 of the Dungeon
 16833 | D:10     | Gained mutation: You punish those that try to bend your
                  | will. (Will+) [demonic ancestry]
 16833 | D:10     | Reached XP level 11. HP: 81/82 MP: 14/14
 16844 | D:10     | Reached skill level 3 in Invocations
 16992 | D:10     | Noticed a two-headed ogre
 17011 | D:10     | Killed a two-headed ogre
 17011 | D:10     | Reached **** piety under Cheibriados
 17012 | D:10     | Reached skill level 4 in Invocations
 17112 | D:10     | Found the necklace of Bloodlust {*Rage Will++ Int-3 Slay+6}
 17393 | D:10     | Noticed Nergalle
 17411 | D:10     | Killed Nergalle
 17981 | D:10     | Found Abrat's Antique Armour Emporium.
 18259 | D:10     | Reached skill level 5 in Invocations
 18956 | D:11     | Noticed a two-headed ogre
 18968 | D:11     | Killed a two-headed ogre
 19017 | D:11     | Found a flagged portal.
 19041 | Bailey   | Entered a bailey
 19663 | Bailey   | Reached skill level 1 in Stealth
 19769 | Bailey   | Reached ***** piety under Cheibriados
 19900 | Bailey   | Noticed an orc knight
 19908 | Bailey   | Killed an orc knight
 19909 | Bailey   | Reached skill level 5 in Dodging
 20579 | D:11     | Noticed a two-headed ogre
 20594 | D:11     | Killed a two-headed ogre
 20743 | D:11     | Noticed a two-headed ogre
 20753 | D:11     | Killed a two-headed ogre
 20754 | D:11     | Reached skill level 6 in Invocations
 20945 | D:11     | Noticed Psyche
 20949 | D:11     | Killed Psyche
 20950 | D:11     | Gained mutation: You sometimes gain a little power by
                  | taking damage. [demonic ancestry]
 20950 | D:11     | Reached XP level 12. HP: 91/91 MP: 14/16
 21064 | D:11     | Learned a level 3 spell: Ignite Poison
 21345 | D:12     | Reached skill level 1 in Poison Magic
 21745 | Lair:1   | Entered Level 1 of the Lair of Beasts
 21757 | Lair:1   | Reached skill level 1 in Transmutations
 21757 | Lair:1   | Reached skill level 1 in Fire Magic
 22200 | Lair:1   | Reached skill level 7 in Invocations
 22563 | Lair:1   | Noticed a seven-headed hydra
 22574 | Lair:1   | Killed a three-headed hydra
 23581 | Lair:2   | Noticed a boulder beetle
 23593 | Lair:2   | Killed a boulder beetle
 23682 | Lair:2   | Reached skill level 8 in Invocations
 24884 | Lair:3   | Noticed a death yak
 24899 | Lair:3   | Killed a death yak
 24998 | Lair:3   | Noticed a four-headed hydra
 25007 | Lair:3   | Killed a one-headed hydra
 25151 | Lair:3   | Reached skill level 9 in Invocations
 25322 | Lair:3   | Reached XP level 13. HP: 95/96 MP: 19/19
 25432 | Lair:3   | Found a staircase to the Shoals.
 25490 | Lair:3   | You fall into a shaft and drop 1 floor!
 25727 | Lair:4   | Found a hole to the Spider Nest.
 25998 | Lair:4   | Noticed Ucinyis's ghost (journeyman MfBe)
 26012 | Lair:4   | Found a transporter.
 26013 | Lair:4   | Found a bloodstained altar of Trog.
 26020 | Lair:4   | Found a transporter.
 26042 | Lair:4   | Reached skill level 5 in Poison Magic
 26301 | D:6      | Killed bearlyready's ghost
 27033 | D:12     | Reached ****** piety under Cheibriados
 27097 | D:12     | Reached skill level 5 in Fire Magic
 27098 | D:12     | Reached skill level 5 in Transmutations
 27368 | D:12     | Reached skill level 10 in Invocations
 28092 | D:12     | Found a staircase to the Orcish Mines.
 28771 | D:13     | Reached skill level 11 in Invocations
 28952 | D:13     | Got the Disquisition on Flames and Transformation
 29008 | D:13     | Found a gate to the Vaults.
 29303 | D:14     | Identified a scroll of acquirement
 29303 | D:14     | Acquired 1143 gold pieces
 29359 | D:14     | Reached XP level 14. HP: 56/105 MP: 20/22
 30050 | D:14     | Reached skill level 12 in Invocations
 30852 | D:15     | Entered Level 15 of the Dungeon
 30972 | D:15     | Reached skill level 13 in Invocations
 31091 | D:15     | Reached skill level 10 in Fighting
 31309 | D:15     | Found a corrupted altar of Lugonu.
 31497 | D:15     | Noticed Agnes
 31505 | D:15     | Killed Agnes
 31751 | D:15     | Found a staircase to the Depths.
 31769 | D:15     | Reached skill level 14 in Invocations
 32244 | Lair:3   | Noticed Urug
 32254 | Lair:3   | Killed Urug
 33318 | Lair:5   | Identified the +1 robe "Lareinloung" {rF+ Str+2 Int+5 SInv}
 33490 | Lair:5   | Reached skill level 15 in Invocations
 33546 | Lair:5   | Gained mutation: You are resistant to unholy torment.
                  | [demonic ancestry]
 33546 | Lair:5   | Reached XP level 15. HP: 119/119 MP: 26/26
 33960 | Lair:5   | Identified the +3 bardiche "Delehias" {vorpal, Will- Str+3
                  | Stlth+}
 34027 | Lair:6   | Entered Level 6 of the Lair of Beasts
 34503 | Lair:6   | Reached skill level 16 in Invocations
 34758 | Lair:6   | Found a viscous altar of Jiyva.
 34759 | Lair:6   | Found a staircase to the Slime Pits.
 35261 | Lair:6   | Found a large runed translucent door.
 35262 | Lair:6   | Found a large runed translucent door.
 35892 | Orc:1    | Entered Level 1 of the Orcish Mines
 35954 | Orc:1    | Found a bloodstained altar of Trog.
 36476 | Orc:2    | Entered Level 2 of the Orcish Mines
 36536 | Orc:2    | Reached skill level 5 in Shields
 36818 | Orc:2    | Found Taewu's General Store.
 36831 | Orc:2    | Found Fiycot's Magic Scroll Shop.
 36915 | Orc:2    | Bought a scroll of teleportation for 39 gold pieces
 36917 | Orc:2    | Bought a scroll of blinking for 82 gold pieces
 36917 | Orc:2    | Bought a scroll of teleportation for 33 gold pieces
 36917 | Orc:2    | Bought a scroll of teleportation for 33 gold pieces
 37001 | Orc:2    | Noticed Snorg
 37022 | Orc:2    | Killed Snorg
 37338 | Orc:2    | Found a staircase to the Elven Halls.
 37789 | Orc:2    | Found Zoruoss's Antique Armour Emporium.
 37789 | Orc:2    | Found Ecoi's Jewellery Shoppe.
 37790 | Orc:2    | Found a one-way gate leading to the halls of Pandemonium.
 37794 | Orc:2    | Bought the amulet "Ipawuu" {RegenMP Int+3} for 562 gold
                  | pieces
 37872 | Elf:1    | Entered Level 1 of the Elven Halls
 37872 | Elf:1    | Noticed a deep elf sorcerer
 37872 | Elf:1    | Found a runed translucent gate.
 37872 | Elf:1    | Found a runed translucent gate.
 37872 | Elf:1    | Found a runed translucent gate.
 37872 | Elf:1    | Found a runed translucent gate.
 37872 | Elf:1    | Found a runed translucent gate.
 37872 | Elf:1    | Found a runed translucent gate.
 37880 | Elf:1    | Found a runed translucent door.
 37887 | Elf:1    | Killed a deep elf sorcerer
 37941 | Elf:1    | Found a runed translucent door.
 37952 | Elf:1    | Gained mutation: Your touch may irresistibly damage your
                  | foes and sap their willpower. [demonic ancestry]
 37952 | Elf:1    | Reached XP level 16. HP: 119/130 MP: 28/28
 38448 | Elf:1    | Reached skill level 10 in Shields
 38461 | Elf:1    | HP: 5/130 [deep elf knight/lance of force (3)]
 38461 | Elf:1    | Killed from afar by a deep elf zephyrmancer

Illustrated notes

Levels and vault maps discovered:
D:1:      nzn_arrival_depleted_hourglass, layout_loops_ring,
          hellmonk_ecumenical_altar_defaced_shrine, minmay_tromino_v4_b
D:2:      layout_loops_ring
D:3:      layout_loops_corners, portal_sewer_entry_c, uniq_robin
D:4:      layout_loops_ring, nicolae_hepliaklqana_hazy_memory, uniq_edmund,
          uniq_pikel, uniq_blork_the_orc, uniq_ijyb
D:5:      layout_basic, temple_hall, serial_shops, nicolae_stop_n_shop_2,
          kennysheep_big_empty_room, uniq_sigmund, uniq_menkaure
D:6:      layout_cave_pods, gammafunk_ghost_arena, chequers_jeans
D:7:      layout_layer_cave, lightli_orcish_oven
D:8:      gammafunk_boulding_lane, layout_basic,
          minmay_fractal_squares_diagonal_5, uniq_harold
D:9:      layout_basic, dpeg_oklobed_lair, eino_tiny_chamber, minivault_1
D:10:     layout_basic, serial_shops, shop_fountains, minivault_15, st_stairs_2,
          minivault_26, uniq_nergalle
D:11:     layout_irregular_city, enter_bailey_5, small_statue_intersection,
          uniq_psyche
D:12:     layout_long_grid, erik_orc_2
D:13:     layout_cave_pools, david_vaults_5
D:14:     layout_stronghold, nicolae_cairo_tiling_very_big,
          serial_co_window_serial, co_window_paths_b,
          co_window_of_opportunity_a, co_window_paths_a, co_window_corner_a,
          co_window_corner_a, co_window_corner_a, co_window_unsneaky_path_a,
          co_window_corner_b, co_window_broadway_a, co_window_unsneaky_path_e,
          co_window_unsneaky_path_a, co_window_corner_cb, glass_columns_a,
          glass_columns_a, glass_columns_b, glass_columns_a, glass_columns_b
D:15:     hangedman_depths_entry_try_elsewhere_first, layout_long_grid,
          hangedman_decor_opposing, tgw_lugonu_bribe, uniq_agnes
Temple:   nicolae_temple_the_god_donut
Lair:1:   layout_cave_pods, nicolae_lair_lil_pond
Lair:2:   layout_cave_pods, chequers_serial_rivers_room_b, grunt_megastairs_4
Lair:3:   layout_regular_city, elwin_shoals_entry_rocks,
          grunt_forest_small_clearings, grunt_megastairs_5,
          serial_bayou_shore_b, infiniplex_staircase_pool, uniq_urug
Lair:4:   layout_cave_shapes, dummy_spider_entry,
          gammafunk_ghost_wrathful_warriors
Lair:5:   layout_roguey, grunt_megastairs_3, lemuel_fruit_tree
Lair:6:   cheibrodos_lair_end_hotspot, layout_gridlike, slime_altar_1,
          grunt_forest_stairs_basic, patterned_corridor
Orc:1:    layout_caves, basic_altar, kennysheep_orc_chapel
Orc:2:    pf_orc_diabolical, layout_caves, basic_altar, uniq_snorg
Elf:1:    nicolae_elf_arrival_dilemma, layout_geoelf_grid,
          hangedman_elven_crosses_minicolossus, st_stairs_6

Skill      XL: |  1  2  3  4  5  6  7  8  9 10 11 12 13 14 15 16 |
---------------+-------------------------------------------------+-----
Armour         | 1 3 |  3.0
Throwing       | 1 4 |  4.0
Long Blades    | 2 3 4 6 9 10 11 12 13 14 | 14.2
Dodging        | 2 6 |  6.0
Translocations | 3 4 |  4.2
Evocations     | 2 3 4 |  4.8
Fighting       | 3 6 7 8 11 13 | 13.0
Shields        | 4 8 10 | 10.1
Invocations    | 2 6 9 11 15 16 | 16.3
Stealth        | 1 |  1.2
Poison Magic   | 4 5 |  5.5
Transmutations | 4 6 |  6.3
Fire Magic     | 4 5 |  5.0
Spellcasting   | |  2.4

Action                   |  1- 3 |  4- 6 |  7- 9 | 10-12 | 13-15 | 16-18 || total
-------------------------+-------+-------+-------+-------+-------+-------++-------
Melee: Falchion          |   101 |   199 |   339 |   205 |       |       ||   844
       Touch             |    20 |    35 |    67 |    21 |       |       ||   143
       Short sword       |       |    15 |    18 |       |       |       ||    33
       Scimitar          |       |       |       |   519 |  1295 |    53 ||  1867
Throw: Boomerang         |       |     5 |    13 |    47 |       |       ||    65
       Dart              |       |       |    68 |   125 |   104 |     7 ||   304
 Cast: Blink             |       |     7 |     3 |    12 |    34 |       ||    56
       Ignite Poison     |       |       |       |       |     4 |       ||     4
Invok: Slouch            |       |       |       |     1 |     8 |     3 ||    12
       Bend Time         |       |       |       |       |     1 |       ||     1
       Step From Time    |       |       |       |       |     1 |       ||     1
       Temporal Distorti |       |       |       |       |       |     1 ||     1
Evoke: Wand              |       |     6 |    17 |     7 |     7 |       ||    37
       Phantom mirror    |       |       |       |     1 |     3 |       ||     4
       Box of beasts     |       |       |       |       |     2 |       ||     2
  Use: Scroll            |     1 |    10 |     7 |     5 |    16 |       ||    39
       Potion            |       |     5 |     1 |       |       |     2 ||     8
 Stab: Invisible         |       |       |     1 |       |       |       ||     1
       Sleeping          |       |       |       |       |     3 |     1 ||     4
       Distracted        |       |       |       |       |     1 |       ||     1
Armor: Leather armour    |    37 |    59 |    14 |       |       |       ||   110
       Skin              |       |    14 |       |       |       |       ||    14
       Robe              |       |       |    38 |       |       |       ||    38
       Scale mail        |       |       |    87 |   184 |    51 |       ||   322
       Troll leather arm |       |       |       |       |   152 |     7 ||   159
Dodge: Dodged            |    59 |   109 |   206 |   535 |  1075 |    26 ||  2010
Block: Buckler           |       |       |       |   293 |   594 |    29 ||   916

Table legend: (Time is in decaauts)
 A = Elapsed time spent in this place.
 B = Non-inter-level travel time spent in this place.
 C = Inter-level travel time spent in this place.
 D = Time resting spent in this place.
 E = Time spent auto-exploring this place.
 F = Levels seen in this place.
 G = Mean time per level.
                   A        B        C        D        E       F      G
               +--------+--------+--------+--------+--------+-----+--------+
         Total |  51110 |  46524 |   4586 |   2337 |  37241 |  26 | 1965.8 |
       Dungeon |  33511 |  30270 |   3241 |   2124 |  23933 |  15 | 2234.1 |
        Temple |    297 |    246 |     51 |      0 |    230 |   1 |  297.0 |
          Lair |  12077 |  10945 |   1132 |      0 |   9457 |   6 | 2012.8 |
  Orcish Mines |   3056 |   2895 |    161 |    106 |   2064 |   2 | 1528.0 |
   Elven Halls |    783 |    783 |      0 |     44 |    523 |   1 |  783.0 |
        Bailey |   1385 |   1385 |      0 |     63 |   1033 |   1 | 1385.0 |
               +--------+--------+--------+--------+--------+-----+--------+

Top non-repeatable levels by time:
    D:10: 3561 daAuts
     D:7: 3013 daAuts
     D:6: 3000 daAuts
     D:8: 2782 daAuts
    D:14: 2610 daAuts
    D:12: 2588 daAuts
  Lair:1: 2484 daAuts
  Lair:6: 2355 daAuts
     D:4: 2354 daAuts
  Lair:2: 2325 daAuts
   Orc:2: 2007 daAuts
  Lair:3: 1926 daAuts
    D:15: 1890 daAuts
    D:11: 1863 daAuts
     D:9: 1817 daAuts
